 Dungeon Crawl Stone Soup version 0.28.0-49-g6dfe1f597d (webtiles) character file.

Game seed: 16917510087473742457

1381 klau3 the Cleaver (level 8, -1/115 HPs)
             Began as a Minotaur Berserker on May 17, 2022.
             Was a Priest of Trog.
             Succumbed to a killer bee's poison
             ... on level 6 of the Dungeon.
             The game lasted 00:10:36 (7610 turns).

klau3 the Cleaver (Minotaur Berserker)              Turns: 7610, Time: 00:10:37

Health: -1/115     AC:  9    Str: 24    XL:     8   Next: 39%
Magic:  7/7        EV: 12    Int:  4    God:    Trog [***...]
Gold:   93         SH:  0    Dex: 10    Spells: 7/7 levels left

rFire   . . .      SeeInvis .   z - +0 battleaxe
rCold   . . .      Faith    .   (shield currently unavailable)
rNeg    . . .      Spirit   .   A - +0 acid dragon scales
rPois   .          Reflect  .   (helmet restricted)
rElec   .          Harm     .   (no cloak)
rCorr   +          Rampage  .   (no gloves)
Will    .....      Clarity  +   h - +0 pair of boots
Stlth   ..........              (no amulet)
HPRegen 0.29/turn               (no ring)
MPRegen 0.10/turn               (no ring)

@: berserking, lethally poisoned (-1 -> -22), very quick
A: horns 2, retaliatory headbutt, clarity, high MP 1, robust 1, subdued magic 1
a: Renounce Religion, Berserk, Trog's Hand


You were on level 6 of the Dungeon.
You worshipped Trog.
Trog was most pleased with you.
You visited 1 branch of the dungeon, and saw 6 of its levels.

You collected 216 gold pieces.
You spent 123 gold pieces at shops.

Inventory:

Hand Weapons
 a - a +0 hand axe
 p - a +0 shortbow
 z - a +0 battleaxe (weapon)
Missiles
 n - a throwing net (quivered)
 r - 5 poisoned darts
 w - 35 arrows
 B - 4 boomerangs
Armour
 b - a +0 animal skin
 h - a +0 pair of boots (worn)
 l - a +0 ring mail
 A - +0 acid dragon scales (worn)
Jewellery
 u - a ring of protection from fire
Wands
 v - a wand of iceblast (7)
Scrolls
 d - 2 scrolls of identify
 f - a scroll of vulnerability {unknown}
 k - 2 scrolls of teleportation
 m - 2 scrolls of immolation
 o - a scroll of blinking {unknown}
 s - a scroll of acquirement {unknown}
 x - a scroll of amnesia {unknown}
 y - a scroll of magic mapping {unknown}
Potions
 c - 3 potions of heal wounds {unknown}
 e - 3 potions of haste {unknown}
 g - a potion of ambrosia {unknown}
 i - a potion of mutation
 j - 4 potions of flight {unknown}
 q - a potion of might {unknown}
 t - 2 potions of invisibility {unknown}
 C - a potion of curing {unknown}


   Skills:
 + Level 6.2 Fighting
 + Level 8.3 Axes
 + Level 7.0 Armour
 + Level 4.6 Dodging
 + Level 1.7 Stealth


You had 7 spell levels left.
You didn't know any spells.
Your spell library was empty.

Dungeon Overview and Level Annotations

Branches:
Dungeon (6/15)             Temple (0/1) D:5

Altars:
Gozag

Shops:
D:5 *


Innate Abilities, Weirdness & Mutations

You have a pair of horns on your head.
You reflexively headbutt those who attack you in melee.
You possess an exceptional clarity of mind.
You have an increased reservoir of magic. (+10% MP)
You are robust. (+10% HP)
Your spells are a little easier to cast, but a little less powerful.


Message History

The killer bee stings you.
* * * LOW HITPOINT WARNING * * *
The killer bee stings you.
* * * LOW HITPOINT WARNING * * *
You are lethally poisoned!
The killer bee poisons you!
The killer bee stings you but does no damage.
The killer bee closely misses you.
You miss the killer bee. Your headbutt misses the killer bee.
The killer bee is heavily wounded.
You miss the killer bee. You hit the killer bee.
* * * LOW HITPOINT WARNING * * *
You feel very sick. The killer bee barely misses you. You furiously retaliate!
You headbutt the killer bee!
You kill the killer bee!
Trog accepts your kill. The killer bee barely misses you.
The killer bee stings you but does no damage.
The killer bee barely misses you.
Your Armour skill increases to level 7!
You hit the killer bee. Your headbutt misses the killer bee.
The killer bee is severely wounded.
You closely miss the killer bee. You slice the orc!!
You kill the orc!
Trog accepts your kill.
* * * LOW HITPOINT WARNING * * *
You feel very sick. The killer bee barely misses you.
The killer bee stings you.
* * * LOW HITPOINT WARNING * * *
You are more poisoned.
The killer bee poisons you! The killer bee closely misses you.
The centaur skeleton hits you but does no damage.
The centaur skeleton kicks you but does no damage.
You slash the killer bee!
You kill the killer bee!
Trog accepts your kill.
You slash the killer bee! You slash the centaur skeleton!
Your surroundings suddenly seem different.
You die...

.... ##.
....... #..
#.. .......
#. #..#
....... ##
#... ......#
# #..##.....#
.# #........#
.###
#.......##
#..##
#@......#
#..#
#....#...##
#..## #....#
#Zy## #...#
#....#
#..###....
..##..#
##........
.## #..#
#........ .
#......######
## #....###
#.###.


There were no monsters in sight!

Vanquished Creatures
  A sky beast (D:4)
  An ice beast (D:5)
  A centaur (D:5)
  2 necrophages (D:4)
  An ogre (D:6)
  The ghost of bnorton916 the Magician, an amateur DEVM (D:3)
  4 killer bees (D:6)
  3 wights
  2 hounds (D:5)
  An orc priest (D:5)
  2 iguanas (D:5)
  4 orc wizards
  2 hound zombies
  A hound skeleton (D:5)
  A howler monkey skeleton (D:5)
  4 gnolls (D:4)
  7 adders
  A shadow imp (D:5)
  An adder skeleton (D:4)
  4 dart slugs
  19 orcs
  12 ball pythons
  6 endoplasms
  2 giant cockroaches
  8 hobgoblins
  2 quokkas
  3 bats
  2 frilled lizards
  7 goblins
  4 kobolds (D:1)
  25 rats
134 creatures vanquished.

Notes
Turn   | Place    | Note
-------+----------+-------------------------------------------
     0 | D:1      | klau3 the Minotaur Berserker began the quest for the Orb.
     0 | D:1      | Reached XP level 1. HP: 19/19 MP: 0/0
   308 | D:1      | Reached skill level 4 in Axes
   343 | D:1      | Reached XP level 2. HP: 27/27 MP: 1/1
  1202 | D:1      | Reached XP level 3. HP: 33/33 MP: 2/2
  1205 | D:1      | Reached ** piety under Trog
  1954 | D:2      | Found a faded altar of an unknown god.
  2066 | D:2      | Reached XP level 4. HP: 41/41 MP: 3/3
  2113 | D:3      | Found a runed translucent door.
  2117 | D:3      | Noticed bnorton916's ghost (amateur DEVM)
  2325 | D:3      | Reached skill level 5 in Axes
  3024 | D:3      | Reached XP level 5. HP: 47/47 MP: 4/4
  3180 | D:3      | Killed bnorton916's ghost
  3180 | D:3      | Reached *** piety under Trog
  3181 | D:3      | Reached skill level 1 in Stealth
  3401 | D:4      | Reached skill level 6 in Axes
  3402 | D:4      | Reached XP level 6. HP: 10/55 MP: 5/5
  3736 | D:4      | Reached skill level 5 in Fighting
  4180 | D:4      | Noticed a sky beast
  4187 | D:4      | Killed a sky beast
  4188 | D:4      | Reached skill level 5 in Armour
  4188 | D:4      | Reached XP level 7. HP: 61/61 MP: 6/6
  4577 | D:5      | Entered Level 5 of the Dungeon
  4591 | D:5      | Reached skill level 7 in Axes
  5331 | D:5      | Found an opulent altar of Gozag.
  5474 | D:5      | Found a staircase to the Ecumenical Temple.
  6133 | D:5      | Found Jaxkas's Assorted Antiques.
  6144 | D:5      | Bought a battleaxe for 123 gold pieces
  6188 | D:5      | Reached XP level 8. HP: 67/70 MP: 7/7
  7477 | D:5      | Gained mutation: Your spells are a little easier to cast,
                  | but a little less powerful. [potion of mutation]
  7477 | D:5      | Gained mutation: You possess an exceptional clarity of
                  | mind. [potion of mutation]
  7477 | D:5      | Gained mutation: You are robust. (+10% HP) [potion of
                  | mutation]
  7477 | D:5      | Gained mutation: You have an increased reservoir of magic.
                  | (+10% MP) [potion of mutation]
  7487 | D:6      | Reached skill level 8 in Axes
  7609 | D:6      | HP: 4/115 [killer bee (3)]
  7610 | D:6      | Succumbed to a killer bee's poison

Illustrated notes

Levels and vault maps discovered:
D:1:      saegor_arrival_under_anarchy, layout_loops_ring,
          corexii_hall_statues_x, minmay_close_crescents
D:2:      layout_rooms, hellmonk_ecumenical_altar_blasted
D:3:      layout_basic, ebering_ghost_sewer_d, minmay_rat_hole
D:4:      layout_loops_ring
D:5:      layout_basic, grunt_gozag_breadcrumbs,
          minmay_temple_entry_stoned_glass, kennysheep_small_square
D:6:      layout_layer_cave

Skill      XL: |  1  2  3  4  5  6  7  8 |
---------------+-------------------------+-----
Axes           | 4 5 6 7 8 |  8.3
Fighting       | 4 5 6 |  6.2
Armour         | 3 5 6 7 |  7.0
Dodging        | 3 4 |  4.6
Stealth        | 1 |  1.7

Action                   |  1- 3 |  4- 6 |  7- 9 || total
-------------------------+-------+-------+-------++-------
Melee: Hand axe          |    84 |   130 |    91 ||   305
       Headbutt          |     9 |    30 |    22 ||    61
       Punch             |     1 |     1 |       ||     2
       Battleaxe         |       |       |    26 ||    26
Invok: Berserk           |     2 |     6 |     3 ||    11
  Use: Scroll            |       |       |     3 ||     3
       Potion            |       |       |     1 ||     1
Armor: Animal skin       |    23 |       |       ||    23
       Ring mail         |     1 |    45 |    37 ||    83
       Acid dragon scale |       |       |    21 ||    21
Dodge: Dodged            |    81 |    86 |    77 ||   244
